 Dungeon Crawl Stone Soup version 0.20.0-6-gd3061e9 (webtiles) character file.

43990 MDvedh the Frost Mage (level 13, -1/101 HPs)
             Began as a Demigod Earth Elementalist on May 28, 2017.
             Slain by a jumping spider (13 damage)
             ... on level 3 of the Lair of Beasts.
             The game lasted 00:45:23 (24088 turns).

MDvedh the Frost Mage (Demigod Earth Elementalist) Turns: 24088, Time: 00:45:24

Health: -1/101     AC: 12    Str: 11    XL:     13   Next: 56%
Magic:  31/36      EV:  8    Int: 27    God:
Gold:   507        SH:  0    Dex: 16    Spells: 10/25 levels left

rFire    + + .     SeeInvis .   n - +5 trident of Tenacity {venom, rF+}
rCold    + . .     Gourm    .   x - +0 buckler (curse)
rNeg     + . .     Faith    .   L - +1 ring mail of Yriwni {rElec rN+}
rPois    .         Spirit   .   (no helmet)
rElec    +         Reflect  .   g - +2 cloak
rCorr    .         Harm     .   (no gloves)
MR       +....                  V - +0 pair of boots
Stlth    +.........             (no amulet)
Regen    0.3/turn               a - ring of magical power
MPRegen  0.3/turn               R - ring of protection from cold

@: held
A: repulsion field 1, fire resistance 1, high mp 1, mutation resistance 1
a: no special abilities


You were on level 3 of the Lair of Beasts.
You were not hungry.

You visited 2 branches of the dungeon, and saw 15 of its levels.

You collected 903 gold pieces.
You spent 396 gold pieces at shops.

Inventory:

Hand Weapons
 l - a +0 mace
 n - the +5 trident of Tenacity (weapon) {venom, rF+}
   (You found it on level 11 of the Dungeon)

   It poisons the flesh of those it strikes.
   It protects you from fire.
 q - a +3 flail of electrocution
 G - a +1 whip of freezing
 M - a +3 scimitar of flaming
Missiles
 b - 371 stones (quivered)
Armour
 g - a +2 cloak (worn)
 x - a cursed +0 buckler (worn)
 I - a scarf of resistance
 L - the +1 ring mail of Yriwni (worn) {rElec rN+}
   (You found it on level 10 of the Dungeon)

   It insulates you from electricity.
   It protects you from negative energy.
 V - a +0 pair of boots (worn)
Jewellery
 a - a ring of magical power (left hand)
 e - an uncursed ring of magical power
 k - an uncursed ring of protection from magic
 r - an uncursed ring of protection from fire
 E - a +2 ring of intelligence
 R - a ring of protection from cold (right hand)
Wands
 p - a wand of lightning (2/15)
 y - a wand of lightning (5/15)
 C - a wand of iceblast (7/15)
 H - a wand of flame (23/48)
 N - a wand of polymorph (8/24)
 P - a wand of iceblast (5/15)
 X - a wand of polymorph (10/24)
Scrolls
 c - a scroll of teleportation
 d - a scroll of blinking
 m - 13 scrolls of remove curse
 o - 5 scrolls of magic mapping
 s - a scroll of fog {unknown}
 v - a scroll of enchant armour
 w - 4 scrolls of identify
 F - 2 scrolls of amnesia
Potions
 f - 4 potions of curing
 h - 3 potions of haste
 t - a potion of resistance
 u - 3 potions of mutation
 A - 3 potions of ambrosia
 B - a potion of might
 J - a potion of magic
 O - 3 potions of agility
 S - 4 potions of heal wounds
 T - a potion of brilliance
Books
 Q - a book of Transfigurations

   Spells                             Type                      Level
   a - Irradiate                      Conjuration/Transmutation    5
   b - Statue Form                    Transmutation/Earth          6
   c - Hydra Form                     Transmutation                6
   d - Dragon Form                    Transmutation                7
 W - a book of Spatial Translocations

   Spells                             Type                      Level
   a - Blink                          Translocation                2
   b - Shroud of Golubria             Charms/Translocation         2
   c - Lesser Beckoning               Translocation                3
   d - Gell's Gravitas                Translocation                3
   e - Teleport Other                 Translocation                3
   f - Passage of Golubria            Translocation                4
Comestibles
 i - 4 meat rations
 j - 23 fruits
 z - 4 royal jellies
 U - a bread ration


   Skills:
 + Level 5.5 Fighting
 - Level 4.9 Long Blades
 - Level 4.0 Maces & Flails
 - Level 6.3 Polearms
 + Level 7.7 Armour
 + Level 6.6 Dodging
 - Level 1.7 Stealth
 - Level 4.2 Shields
 + Level 6.5 Spellcasting
 - Level 5.1 Conjurations
 - Level 3.6 Summonings
   Level 0.8 Transmutations
 + Level 8.3 Ice Magic
 - Level 8.0 Earth Magic


You had 10 spell levels left.
You knew the following spells:

 Your Spells              Type           Power        Failure   Level  Hunger
a - Sandblast             Erth           ######       1%          1    None
b - Searing Ray           Conj           #####.       2%          2    None
c - Summon Ice Beast      Ice/Summ       #####...     11%         4    ###....
d - Regeneration          Chrm/Necr      #.........   36%         3    None
e - Blink                 Tloc           N/A          21%         2    None
f - Stone Arrow           Conj/Erth      #####.       2%          3    None


Dungeon Overview and Level Annotations

Branches:
Dungeon (12/15)            Temple (0/1) D:5            Lair (3/6) D:8
 Spider (0/4) Lair:3          Orc (0/2) D:12
  Swamp: Lair:2-4    Shoals: Lair:2-4

Shops:
D:5 }   D:8 !

Annotations:
D:10 exclusion: door


Innate Abilities, Weirdness & Mutations

You have an increased reservoir of magic. (+10% MP)
You are surrounded by a mild repulsion field. (EV +2)
Your flesh is heat resistant. (rF+)
You are somewhat resistant to further mutation.


Message History

The jumping spider barely misses you.
The redback bites you but does no damage.
The jumping spider pounces on you.
You are even more entangled.
The jumping spider bites you but does no damage.
Your ice beast closely misses the jumping spider.
The jumping spider pounces on you.
* * * LOW HITPOINT WARNING * * *
The jumping spider barely misses you. The redback barely misses you.
Unknown command.
The web tears apart.
The jumping spider pounces on you!
* * * LOW HITPOINT WARNING * * *
You are caught in a web!
The jumping spider closely misses you.
The jumping spider pounces on your ice beast!
Your ice beast dies!
The jumping spider pounces on you.
* * * LOW HITPOINT WARNING * * *
You are even more entangled.
The jumping spider bites you but does no damage.
The redback closely misses you. The jumping spider pounces on you!
You die...

.P......##.....#..
.P.......#...........
##......#...........# .
##......##.....#P...#...
##......#...####....#.#.
##......#P.#####........
........................
...#########............
..## ##...@s...... ..#
###.ss...... #P#
##.Ys..... ###
#≈.†.......
..≈..........
..>.≈..........
#...≈..P....... .
.#.###P........ #.#
##P<......


You could see 3 jumping spiders, a redback and a friendly ice beast.

Vanquished Creatures
  A hydra (Lair:1)
  Erica (D:8)
  3 two-headed ogres
  The ghost of mopl the Geomancer, a novice DgEE (D:9)
  A tengu warrior (D:10)
  An ugly thing (D:11)
  Pikel (D:6)
  A manticore (D:12)
  Joseph (D:7)
  2 gargoyles
  A rime drake (Lair:2)
  4 komodo dragons
  A merfolk (D:9)
  5 trolls
  2 polar bears (D:8)
  A hornet (D:10)
  3 hippogriffs
  3 slime creatures (D:12)
  Sigmund (D:4)
  A redback (Lair:3)
  2 wraiths (D:8)
  3 wyverns
  5 yaks
  A basilisk (Lair:2)
  2 hungry ghosts
  Menkaure (D:7)
  A soldier ant (D:12)
  3 porcupines
  5 water moccasins
  7 orc warriors
  4 sky beasts
  2 necrophages
  A slave (D:7)
  3 black bears
  9 ice beasts
  A phantom (D:9)
  2 eyes of draining (D:11)
  10 ogres
  The ghost of mopl the Digger, an amateur DgEE (D:3)
  3 wolves
  6 centaurs
  6 crocodiles
  15 bullfrogs
  A big kobold (D:11)
  A gnoll sergeant (D:8)
  3 scorpions
  8 killer bees
  12 wights
  An electric eel (D:8)
  6 howler monkeys
  5 crimson imps
  3 human zombies (D:8)
  8 orc priests
  2 centaur zombies
  A quasit (D:7)
  3 bullfrog zombies
  11 hounds
  6 jellies
  5 bullfrog skeletons
  A centaur skeleton (D:6)
  A human skeleton (D:8)
  4 iguanas
  15 orc wizards
  4 worker ants
  2 hound skeletons
  2 mummies (D:8)
  A howler monkey zombie (D:10)
  A worker ant zombie (D:9)
  15 gnolls
  20 adders
  7 shadow imps
  2 white imps (D:8)
  A worker ant simulacrum (D:8)
  4 worms
  4 dart slugs
  An adder simulacrum (D:8)
  4 leopard geckos
  64 orcs
  2 ball pythons (D:6)
  7 bats
  10 giant cockroaches
  5 goblins
  12 hobgoblins
  19 jackals
  5 quokkas
  6 frilled lizards
  A giant cockroach zombie (D:6)
  16 kobolds
  3 leopard gecko skeletons
  A leopard gecko zombie (D:6)
  2 orc zombies (D:8)
  A quokka simulacrum (D:8)
  A quokka skeleton (D:10)
  9 rats
457 creatures vanquished.

Vanquished Creatures (collateral kills)
  A hydra (Lair:3)
  3 two-headed ogres
  A black mamba (Lair:1)
  Psyche (D:9)
  A spiny frog (Lair:1)
  3 slime creatures (D:12)
  3 yaks
  A golden eye (shapeshifter) (D:12)
  An orc warrior (D:8)
  A sky beast (D:12)
  2 bullfrogs
  3 killer bees
  An electric eel (D:8)
  An orc wizard (D:10)
  An iguana (D:8)
  A leopard gecko (D:8)
  6 orcs
31 creatures vanquished.

Vanquished Creatures (others)
  2 slaves (D:7)
  A sky beast (D:7)
  A wight (D:7)
  A crimson imp (D:7)
  An orc wizard (D:7)
  2 gnolls (D:7)
  An adder (D:7)
  An orc (D:7)
  A fungus (Lair:1)
  2 plants (Lair:1)
13 creatures vanquished.

Grand Total: 501 creatures vanquished

Notes
Turn   | Place    | Note
-------+----------+-------------------------------------------
     0 | D:1      | MDvedh the Demigod Earth Elementalist began the quest for the Orb.
     0 | D:1      | Reached XP level 1. HP: 14/14 MP: 5/5
  1299 | D:1      | Reached XP level 2. HP: 10/20 MP: 7/7
  1888 | D:1      | Reached XP level 3. HP: 17/26 MP: 8/8
  1893 | D:1      | Learned a level 3 spell: Stone Arrow
  2535 | D:2      | Reached skill level 1 in Conjurations
  2560 | D:2      | Reached XP level 4. HP: 29/33 MP: 2/9
  3296 | D:3      | Noticed mopl's ghost (amateur DgEE)
  3432 | D:2      | Learned a level 2 spell: Searing Ray
  3619 | D:3      | Killed mopl's ghost
  3619 | D:3      | Reached skill level 5 in Earth Magic
  3619 | D:3      | Reached XP level 5. HP: 29/38 MP: 0/10
  4331 | D:3      | Reached XP level 6. HP: 12/45 MP: 11/12
  4816 | D:4      | Found a shadowy altar of Dithmenos.
  5228 | D:4      | Noticed Sigmund
  5237 | D:4      | Killed Sigmund
  5237 | D:4      | Reached XP level 7. HP: 38/50 MP: 7/13
  5638 | D:5      | Entered Level 5 of the Dungeon
  5638 | D:5      | Found Pommovas's Gadget Boutique.
  5757 | D:5      | Reached skill level 5 in Conjurations
  5903 | D:5      | Found a staircase to the Ecumenical Temple.
  5921 | D:5      | Found a blossoming altar of Fedhas.
  6020 | D:5      | Reached skill level 1 in Fighting
  6020 | D:5      | Reached skill level 1 in Maces & Flails
  6243 | D:5      | Reached XP level 8. HP: 60/60 MP: 13/14
  8320 | D:6      | Found an ancient bone altar of Kikubaaqudgha.
  8418 | D:6      | Learned a level 4 spell: Summon Ice Beast
  8488 | D:6      | Reached skill level 1 in Ice Magic
  8864 | D:6      | Reached skill level 1 in Summonings
  8864 | D:6      | Reached XP level 9. HP: 63/71 MP: 15/15
  9310 | D:7      | Reached skill level 1 in Shields
  9389 | D:7      | Noticed Pikel
  9413 | D:6      | Killed Pikel
  9634 | D:7      | Gained mutation: Your flesh is cold resistant. (rC+) [mutagenic meat]
  9635 | D:7      | Gained mutation: You have a considerably increased reservoir of magic. (+20% MP) [mutagenic meat]
  9636 | D:7      | Gained mutation: You do not regenerate when monsters are visible. [mutagenic meat]
  9637 | D:7      | Gained mutation: You tend to lose your temper in combat. [mutagenic meat]
  9638 | D:7      | Gained mutation: You have large cloven feet. [mutagenic meat]
  9639 | D:7      | Lost mutation: Your flesh is cold resistant. (rC+) [mutagenic meat]
  9640 | D:7      | Lost mutation: You have large cloven feet. [potion of mutation]
  9640 | D:7      | Lost mutation: You do not regenerate when monsters are visible. [potion of mutation]
  9640 | D:7      | Lost mutation: You tend to lose your temper in combat. [potion of mutation]
  9640 | D:7      | Lost mutation: You have a considerably increased reservoir of magic. (+20% MP) [potion of mutation]
  9640 | D:7      | Gained mutation: You are agile. (Dex +2) [potion of mutation]
  9640 | D:7      | Gained mutation: You possess an exceptional clarity of mind. [potion of mutation]
  9641 | D:7      | Lost mutation: You are agile. (Dex +2) [potion of mutation]
  9641 | D:7      | Lost mutation: You possess an exceptional clarity of mind. [potion of mutation]
  9641 | D:7      | Gained mutation: You are weak. (Str -2) [potion of mutation]
  9641 | D:7      | Gained mutation: You are surrounded by a mild repulsion field. (EV +2) [potion of mutation]
  9759 | D:7      | Reached skill level 5 in Dodging
 10214 | D:7      | Noticed Menkaure
 10221 | D:7      | Killed Menkaure
 10562 | D:7      | Noticed Joseph
 10573 | D:7      | Killed Joseph
 11201 | D:8      | Noticed a two-headed ogre
 11208 | D:8      | Noticed Erica
 11277 | D:8      | Found a basalt altar of Yredelemnul.
 11288 | D:8      | Reached skill level 1 in Armour
 11464 | D:8      | Reached XP level 10. HP: 80/80 MP: 12/16
 12349 | D:8      | Found a staircase to the Lair.
 12543 | D:8      | Reached skill level 5 in Ice Magic
 13622 | D:8      | Found Vupraad's Distillery.
 13629 | D:8      | Bought a potion of haste for 110 gold pieces
 13629 | D:8      | Bought a potion of curing for 33 gold pieces
 13629 | D:8      | Bought 2 potions of haste for 220 gold pieces
 13629 | D:8      | Bought a potion of curing for 33 gold pieces
 13701 | D:8      | Killed a two-headed ogre
 14185 | D:8      | Killed Erica
 14458 | D:9      | Noticed a two-headed ogre
 14469 | D:9      | Killed a two-headed ogre
 14469 | D:9      | Reached skill level 1 in Long Blades
 14469 | D:9      | Reached XP level 11. HP: 52/85 MP: 17/17
 14614 | D:9      | Found a sacrificial altar of Ru.
 14648 | D:9      | Reached skill level 5 in Armour
 14683 | D:9      | Noticed mopl's ghost (novice DgEE)
 14933 | D:8      | HP: 4/85 [gargoyle/stone arrow (21)]
 15282 | D:9      | Killed mopl's ghost
 15755 | D:9      | Gained mutation: Your flesh is heat resistant. (rF+) [mutagenic meat]
 15757 | D:9      | Lost mutation: You are weak. (Str -2) [mutagenic meat]
 15963 | D:9      | Noticed Psyche
 15968 | D:9      | Killed Psyche
 16136 | D:9      | Learned a level 3 spell: Regeneration
 16408 | D:10     | Entered Level 10 of the Dungeon
 16879 | D:10     | Got an encrusted ring mail
 16890 | D:10     | Identified the +1 ring mail of Yriwni {rElec rN+} (You found it on level 10 of the Dungeon)
 17757 | D:10     | Noticed a tengu warrior
 18034 | D:10     | Killed a tengu warrior
 18473 | D:10     | Noticed a two-headed ogre
 18486 | D:10     | Killed a two-headed ogre
 19330 | D:11     | Got a slimy trident
 19331 | D:11     | Identified the +5 trident of Tenacity {venom, rF+} (You found it on level 11 of the Dungeon)
 19378 | D:11     | Noticed a two-headed ogre
 19396 | D:11     | Killed a two-headed ogre
 19396 | D:11     | Reached skill level 1 in Polearms
 19786 | D:11     | Noticed a two-headed ogre
 19793 | D:11     | Killed a two-headed ogre
 19793 | D:11     | Reached XP level 12. HP: 79/93 MP: 18/18
 20441 | D:12     | Found a staircase to the Orcish Mines.
 20731 | D:12     | Gained mutation: You are somewhat resistant to further mutation. [mutagenic meat]
 20910 | D:12     | Reached skill level 5 in Polearms
 21307 | D:12     | Learned a level 2 spell: Blink
 21742 | Lair:1   | Entered Level 1 of the Lair of Beasts
 21883 | Lair:1   | Noticed a four-headed hydra
 21889 | Lair:1   | Killed a four-headed hydra
 21889 | Lair:1   | Reached skill level 5 in Fighting
 22480 | Lair:1   | Reached XP level 13. HP: 95/100 MP: 26/26
 24075 | Lair:3   | Found a hole to the Spider Nest.
 24088 | Lair:3   | Slain by a jumping spider

Skill      XL: |  1  2  3  4  5  6  7  8  9 10 11 12 |
---------------+-------------------------------------+-----
Earth Magic    | 3 4 5 6 8 |  8.0
Spellcasting   | 2 6 |  6.5
Conjurations   | 1 2 3 4 5 |  5.1
Fighting       | 1 3 4 5 |  5.5
Maces & Flails | 1 4 |  4.0
Dodging        | 2 4 5 6 |  6.6
Ice Magic      | 1 4 6 7 8 |  8.3
Summonings     | 1 3 |  3.6
Shields        | 3 4 |  4.2
Armour         | 1 4 7 |  7.7
Long Blades    | 1 4 |  4.9
Polearms       | 3 6 |  6.3
Stealth        | |  1.7
Transmutations | |  0.8

Action                   |  1- 3 |  4- 6 |  7- 9 | 10-12 | 13-15 || total
-------------------------+-------+-------+-------+-------+-------++-------
Melee: Mace              |    85 |     1 |       |       |       ||    86
       Club              |     6 |       |       |       |       ||     6
       Unarmed           |     1 |       |       |       |       ||     1
       Flail             |       |   124 |   235 |       |       ||   359
       Whip              |       |       |   132 |   319 |       ||   451
       Scimitar          |       |       |       |   299 |       ||   299
       Trident           |       |       |       |   290 |    95 ||   385
 Cast: Sandblast         |    27 |     8 |    22 |    35 |       ||    92
       Stone Arrow       |     4 |    32 |    98 |   213 |     2 ||   349
       Searing Ray       |       |     2 |       |       |       ||     2
       Summon Ice Beast  |       |       |       |    28 |     5 ||    33
  Use: Scroll            |       |     5 |     9 |    11 |     2 ||    27
       Potion            |       |     1 |     2 |     7 |       ||    10
 Stab: Sleeping          |     2 |    10 |     3 |     4 |     1 ||    20
       Distracted        |       |       |     1 |       |       ||     1
       Paralysed         |       |       |       |     2 |       ||     2
  Eat: Chunk             |     5 |    11 |    27 |    28 |       ||    71
       Royal jelly       |       |     1 |       |       |     1 ||     2
       Meat ration       |       |       |     1 |     1 |     1 ||     3
       Bread ration      |       |       |     1 |     9 |       ||    10
Armor: Robe              |    33 |    52 |    72 |       |       ||   157
       Leather armour    |       |       |    14 |    94 |       ||   108
       Skin              |       |       |       |     8 |       ||     8
       Ring mail         |       |       |       |   147 |    23 ||   170
Dodge: Dodged            |    90 |    96 |   278 |   703 |    55 ||  1222
Block: Buckler           |       |     6 |    76 |   244 |    21 ||   347
       Rpst.: Scimitar   |       |       |       |    70 |       ||    70
